 Dungeon Crawl Stone Soup version 0.30-a0-728-gc68057be0a (webtiles) character file.

Game seed: 6843533372947419831

79 Dittersdorf the Trooper (level 4, 0/29 HPs)
             Began as a Gargoyle Fighter on Jan 31, 2023.
             Slain by a phantom (2 damage)
             ... on level 4 of the Dungeon.
             The game lasted 00:01:24 (1163 turns).

Dittersdorf the Trooper (Gargoyle Fighter)          Turns: 1163, Time: 00:01:25

Health: 0/29       AC: 10    Str: 22    XL:     4   Next: 37%
Magic:  4/4        EV:  9    Int:  8    God:
Gold:   62         SH:  4    Dex:  9    Spells: 3/3 levels left

rFire   . . .      SeeInvis .    a - +0 flail
rCold   . . .      Faith    .    c - +0 buckler
rNeg    + . .      Spirit   .    b - +0 scale mail
rPois   ∞          Reflect  .    (no helmet)
rElec   +          Harm     .    (no cloak)
rCorr   .          Rampage  .    (no gloves)
Will    .....                    (no boots) Stlth
                                 (no amulet)
HPRegen 0.24/turn                (no ring)
MPRegen 0.09/turn                (no ring)

@: no status effects
A: sickness immunity, AC +3, negative energy resistance 1, electricity
resistance, torment resistance 1, petrification resistance
a: no special abilities


You were on level 4 of the Dungeon.
You visited 1 branch of the dungeon, and saw 3 of its levels.

You collected 62 gold pieces.

Inventory:

Hand Weapons
 a - a +0 flail (weapon)
Armour
 b - a +0 scale mail (worn)
 c - a +0 buckler (worn)
Scrolls
 e - a scroll of identify {unknown}
 f - 2 scrolls of vulnerability {unknown}
 j - a scroll of fog {unknown}
Potions
 d - 3 potions of might
 g - a potion of brilliance {unknown}
 h - a potion of lignification {unknown}
 i - a potion of attraction {unknown}


   Skills:
 + Level 4.0 Fighting
 + Level 2.7 Maces & Flails
 + Level 3.9 Armour
 + Level 4.0 Shields


You had 3 spell levels left.
You didn't know any spells.
Your spell library contained the following spells:

 Spells                   Type           Power      Damage    Failure   Level
 Call Canine Familiar     Summ           0%         N/A       99%         3
 Portal Projectile        Hex/Tloc       0%         N/A       99%         3
 Leda's Liquefaction      Hex/Erth       0%         N/A       100%        4


Dungeon Overview and Level Annotations

Branches:
Dungeon (2/15)

Altars:


Innate Abilities, Weirdness & Mutations

You are immune to sickness and miasma.
Your stone body is resilient. (AC +3)
You are immune to poison.
You resist negative energy. (rN+)
You are resistant to electric shocks. (rElec)
You are resistant to unholy torment.
You are immune to petrification.


Message History

The hound bites you but does no damage. You block the hound's attack.
You barely miss the hound.
The hound is severely wounded.
The hound bites you but does no damage. The hound bites you.
You hit the hound.
The hound is severely wounded.
The hound bites you. The hound bites you but does no damage.
You hit the hound.
The hound is almost dead.
You block the hound's attack. The hound closely misses you.
You closely miss the hound.
The hound is almost dead.
The hound barely misses you. The hound bites you.
You closely miss the hound.
The hound is almost dead.
The hound bites you but does no damage.
The hound pauses to sniff the ground.
You block the hound's attack.
You closely miss the hound.
The hound is almost dead.
The hound closely misses you.
An orc comes into view. It is wielding a +0 club.
The hound bites you but does no damage.
The orc shouts!
You thump the hound!
You kill the hound!
The phantom hits you.
* * * LOW HITPOINT WARNING * * *
Your Fighting skill increases to level 4!
Your Shields skill increases to level 4!
You have reached level 4!
You feel stronger. The phantom attacks as you move away!
The phantom misses you. The phantom attacks as you move away!
The phantom hits you but does no damage.
The phantom attacks as you move away! The phantom hits you.
* * * LOW HITPOINT WARNING * * *
You barely miss the phantom. The phantom barely misses you.
You closely miss the phantom. The phantom hits you.
You die...

#..#.... #.......
#...... #.....
#..... #...[.
#.....
#############.....
#@W..o...........#
##########........
#........
#........
#........
#........
#........
#........
##..###+#


You could see a phantom and an orc.

Vanquished Creatures
  A hound (D:4)
  A dart slug (D:1)
  7 bats (D:1)
  3 endoplasms (D:1)
  A giant cockroach (D:1)
  5 goblins (D:1)
  2 hobgoblins (D:1)
  3 jackals (D:1)
  4 quokkas (D:1)
  6 ball pythons
  A frilled lizard (D:1)
  4 kobolds (D:1)
  5 rats (D:1)
43 creatures vanquished.

Notes
Turn   | Place    | Note
-------+----------+-------------------------------------------
     0 | D:1      | Dittersdorf the Gargoyle Fighter began the quest for the
                  | Orb.
     0 | D:1      | Reached XP level 1. HP: 14/14 MP: 1/1
    90 | D:1      | Reached XP level 2. HP: 16/19 MP: 2/2
   271 | D:1      | Reached XP level 3. HP: 23/23 MP: 3/3
  1104 | D:2      | You fall into a shaft and drop 2 floors!
  1105 | D:4      | yay
  1123 | D:4      | Noticed a phantom
  1157 | D:4      | Reached XP level 4. HP: 6/29 MP: 4/4
  1161 | D:4      | HP: 1/29 [phantom (6)]
  1163 | D:4      | Slain by a phantom

Illustrated notes

....... .......
....... ...[..?
.......
########......#
.......!....#..
#..@.....?.
#..........
#..........
#.$........
#..........
#..........
#..$.......
##..###+###


Turn 1105 on D:4: yay

Levels and vault maps discovered:
D:1:      dpeg_arrival_subterranean_lakeside_camping, layout_basic
D:2:      layout_basic
D:4:      layout_rooms, general_overflow_altar, serial_shops,
          kennysheep_little_box

Skill      XL: |  1  2  3 |
---------------+----------+-----
Fighting       | 4 |  4.0
Shields        | 4 |  4.0
Maces & Flails | |  2.7
Armour         | |  3.9

Action                     |  1- 3 |  4- 6 || total
---------------------------+-------+-------++-------
  Melee: Flail             |   144 |     2 ||   146
 Armour: Scale mail        |   105 |     1 ||   106
  Dodge: Dodged            |    91 |     2 ||    93
  Block: Buckler           |    36 |       ||    36

Table legend: (Time is in decaauts)
 A = Elapsed time spent in this place.
 B = Non-inter-level travel time spent in this place.
 C = Inter-level travel time spent in this place.
 D = Time resting spent in this place.
 E = Time spent auto-exploring this place.
 F = Levels seen in this place.
 G = Mean time per level.
                   A        B        C        D        E       F      G
               +--------+--------+--------+--------+--------+-----+--------+
         Total |   1209 |   1182 |     27 |     61 |    785 |   3 |  403.0 |
       Dungeon |   1209 |   1182 |     27 |     61 |    785 |   3 |  403.0 |
               +--------+--------+--------+--------+--------+-----+--------+

Top non-repeatable levels by time:
     D:1: 989 daAuts
     D:2: 156 daAuts
     D:4: 64 daAuts
